 Dungeon Crawl Stone Soup version 0.19.5 (webtiles) character file.

3875 equalderp2856 the Gouger (level 10, -2/43 HPs)
             Began as a Felid Fighter on Mar 28, 2017.
             Blown up by an eye of devastation (45 damage)
             ... with a bolt of energy
             ... on level 9 of the Dungeon.
             The game lasted 00:37:53 (15401 turns).

equalderp2856 the Gouger (Felid Fighter)           Turns: 15401, Time: 00:37:54

Health: -2/43      AC:  2    Str: 13    XL:     10   Next: 0%
Magic:  12/12      EV: 26    Int: 14    God:
Gold:   473        SH:  0    Dex: 18    Spells: 0 memorised, 9 levels left
                                        Lives:  0   Deaths: 2

rFire  . . .     SeeInvis +       - Unarmed
rCold  . . .     Gourm    .     (armour unavailable)
rNeg   . . .     Faith    .     (shield unavailable)
rPois  .         Spirit   .     (helmet unavailable)
rElec  .         Reflect  .     (cloak unavailable)
rCorr  .         Harm     .     (gloves unavailable)
MR     +....                    (boots unavailable)
Stlth  +++++.....               z - amulet of rage
                                p - ring of see invisible
                                j - +4 ring of intelligence

@: quick
A: no armour, no weapons or thrown items, stealth, claws 1, fangs 3, see
invisible, carnivore 3, deterioration 1, speed 1, shaggy fur 2, slow metabolism
1, sharp paws
a: Evoke Berserk Rage


You were on level 9 of the Dungeon.
You were very full.

You visited 1 branch of the dungeon, and saw 10 of its levels.
You also visited: Ossuary.

You collected 473 gold pieces.

Inventory:

Missiles
 r - 104 arrows
Jewellery
 j - a +4 ring of intelligence (left paw)
 p - a ring of see invisible (right paw)
 w - a cursed ring of teleportation {unknown}
 y - an uncursed amulet of regeneration
 z - an amulet of rage (around neck)
 F - a cursed ring of teleportation {unknown}
Wands
 i - a wand of slowing (34/48)
 n - a wand of random effects (0/48)
 q - a wand of iceblast (15/15)
 t - a wand of polymorph (0/24)
 D - a wand of lightning (5/15)
 I - a wand of lightning (0/15)
 J - a wand of disintegration (0/24)
Scrolls
 c - 9 scrolls of identify
 d - a scroll of blinking
 f - 3 scrolls of remove curse
 B - a scroll of amnesia
 E - 3 scrolls of recharging
Potions
 a - 2 potions of might
 g - a potion of haste
 o - 2 potions of flight
 u - 2 potions of lignification
 A - a potion of ambrosia {unknown}
 C - a potion of agility {unknown}
 G - 2 potions of brilliance {unknown}
Books
 e - a book of Clouds

   Spells                             Type                      Level
   a - Mephitic Cloud                 Conjuration/Poison/Air       3
   b - Conjure Flame                  Conjuration/Fire             3
   c - Poisonous Cloud                Conjuration/Poison/Air       6
   d - Freezing Cloud                 Conjuration/Ice/Air          6
   e - Ring of Flames                 Charms/Fire                  7
 m - a book of Callings

   Spells                             Type                      Level
   a - Summon Small Mammal            Summoning                    1
   b - Call Imp                       Summoning                    2
   c - Call Canine Familiar           Summoning                    3
   d - Summon Guardian Golem          Hexes/Summoning              3
   e - Summon Lightning Spire         Summoning/Air                4
   f - Summon Ice Beast               Ice/Summoning                4
 s - Sif Muna's Collected Works on Flames and the Traveller
   (You found it on level 5 of the Dungeon)

   Spells                             Type                      Level
   a - Apportation                    Translocation                1
   b - Shroud of Golubria             Charms/Translocation         2
   c - Ring of Flames                 Charms/Fire                  7
Comestibles
 b - 5 meat rations
 h - 4 slices of pizza
 k - 13 fruits
 l - 2 royal jellies
 v - 2 bread rations
 x - 2 beef jerkies


   Skills:
 + Level 4.2 Fighting
 + Level 10.0 Dodging
 + Level 10.6 Stealth
 + Level 12.8 Unarmed Combat
 + Level 1.6 Evocations


You had 9 spell levels left.
You didn't know any spells.

Dungeon Overview and Level Annotations

Branches:
Dungeon (10/15)            Temple (0/1) D:7            Lair (0/6) D:8
    Orc (0/2) D:10

Altars:
Cheibriados
Dithmenos
Sif Muna
Vehumet
Xom

Shops:
D:5 :   D:8 [

Annotations:
D:3 equalderp2856's ghost, amateur FeFi
D:4 Dowan; Duvessa
D:6 Pikel
D:9 4 runed doors
D:10 tricornhat's ghost, novice DsBe


Innate Abilities, Weirdness & Mutations

You cannot wear armour.
You are incapable of wielding weapons or throwing items.
Your paws allow you to move quietly. (Stealth)
You have sharp claws.
You have razor-sharp teeth.
You have supernaturally acute eyesight. (SInv)
You are carnivorous and can eat meat at any time.
You cover ground quickly.
You are covered in thick fur. (AC +2)
You have a slow metabolism.
Your sharp claws are effective at attacking unaware monsters.
Your body sometimes deteriorates upon taking damage.


Message History

Zapping:
t - a wand of polymorph (1/24)
Press: ? - help, Shift-Dir - straight line, f/p - shining eye
Aim: a shining eye (chance to defeat MR: 2%)
The shining eye evaporates and reforms as an eye of devastation!
This wand has 0 charges left.
Evoke which item? (* to show all) (? for menu, Esc to quit)
Okay, then.
You scratch the eye of devastation.
The eye of devastation is lightly wounded.
You claw the eye of devastation!
The eye of devastation is moderately wounded.
You scratch the eye of devastation but do no damage.
You claw the eye of devastation, but do no damage.
The eye of devastation is moderately wounded.
You scratch the eye of devastation but do no damage.
The eye of devastation is moderately wounded.
The eye of devastation gazes at you. The bolt of energy hits you!
Ouch! That really hurt!
You die...

#######.#....................#.Y
#.####.####.#####.######.. #.#
#.# #.# #.# #.. #.# #.# #.#
#.######.. #### #.# ##.## #.#
#......### ...# #.# #...# #.#
######## ##.# #.###.#.###.#
#.#####.#>..#...#.#
#.......#)#####@..#
#########.T.#.G.### ###.#.###
#...# #####


You could see an eye of devastation.

Vanquished Creatures
  A hill giant (D:9)
  A guardian serpent (D:10)
  2 trolls (D:9)
  A hippogriff (D:10)
  2 wyverns
  4 yaks (D:9)
  A hungry ghost (D:8)
  2 ice beasts
  An orc warrior (D:9)
  3 phantoms
  A black bear (D:9)
  3 sky beasts
  3 ogres
  2 centaurs
  2 big kobolds
  5 bullfrogs
  2 elf zombies (Ossuary)
  2 scorpions
  6 killer bees
  3 wights (D:10)
  3 howler monkeys
  7 crimson imps
  4 centaur zombies
  A bullfrog zombie (D:6)
  A human zombie (Ossuary)
  7 hounds
  3 jellies
  5 orc priests
  An iguana (D:4)
  5 orc wizards
  12 worker ants
  3 killer bee zombies
  A big kobold zombie (Ossuary)
  3 hound zombies
  A hound skeleton (D:9)
  3 mummies (Ossuary)
  A howler monkey skeleton (D:10)
  A gnoll (D:1)
  16 adders
  6 shadow imps
  An ooze (D:2)
  An adder skeleton (D:5)
  2 worms
  5 dart slugs
  4 leopard geckos
  23 orcs
  4 giant cockroaches
  2 gnoll zombies (Ossuary)
  4 hobgoblins
  15 jackals
  13 kobolds
  4 quokkas
  4 ball pythons
  6 bats
  3 frilled lizards
  5 goblins (D:1)
  3 goblin zombies (Ossuary)
  3 hobgoblin zombies (Ossuary)
  4 jackal zombies (Ossuary)
  4 kobold zombies (Ossuary)
  6 quokka zombies (Ossuary)
  5 rats
  4 rat zombies (Ossuary)
  A butterfly (D:2)
257 creatures vanquished.

Notes
Turn   | Place    | Note
-------+----------+-------------------------------------------
     0 | D:1      | equalderp2856 the Felid Fighter began the quest for the Orb.
     0 | D:1      | Reached XP level 1. HP: 10/10 MP: 2/2
   250 | D:1      | Reached XP level 2. HP: 11/14 MP: 3/3
   455 | D:1      | Reached XP level 3. HP: 15/17 MP: 4/4
  1453 | D:2      | Reached skill level 1 in Stealth
  1453 | D:2      | Reached skill level 5 in Unarmed Combat
  1490 | D:2      | Reached XP level 4. HP: 14/21 MP: 5/5
  1937 | D:2      | Found a shimmering altar of Xom.
  1958 | D:2      | Found a radiant altar of Vehumet.
  2136 | D:3      | Noticed equalderp2856's ghost (amateur FeFi)
  2203 | D:4      | Found a sand-covered staircase.
  2208 | Ossuary  | Entered an ossuary
  2459 | Ossuary  | Reached skill level 5 in Dodging
  2459 | Ossuary  | Reached XP level 5. HP: 9/24 MP: 6/6
  3334 | Ossuary  | Reached skill level 6 in Unarmed Combat
  3372 | Ossuary  | Gained mutation: You are covered in thick fur. (AC +2) [Felid growth]
  3372 | Ossuary  | Reached XP level 6. HP: 24/28 MP: 7/7
  4717 | D:4      | Reached skill level 7 in Unarmed Combat
  4867 | D:4      | Reached XP level 7. HP: 31/31 MP: 8/8
  5006 | D:4      | Noticed Dowan
  5007 | D:4      | Noticed Duvessa
  5277 | D:5      | Entered Level 5 of the Dungeon
  5985 | D:5      | Reached skill level 8 in Unarmed Combat
  5991 | D:5      | Reached skill level 5 in Stealth
  6078 | D:5      | Identified Sif Muna's Collected Works on Flames and the Traveller
  6242 | D:5      | Reached XP level 8. HP: 30/34 MP: 9/9
  6471 | D:5      | Reached skill level 9 in Unarmed Combat
  6472 | D:5      | Found Bohi's Book Emporium.
  7100 | D:6      | Found a snail-covered altar of Cheibriados.
  7321 | D:6      | Reached skill level 10 in Unarmed Combat
  7539 | D:6      | Noticed Pikel
  8191 | D:7      | Found a staircase to the Ecumenical Temple.
  8716 | D:7      | Reached XP level 9. HP: 38/38 MP: 10/10
  9838 | D:8      | Found Ible Wil's Armour Shoppe.
 10100 | D:8      | Found a shadowy altar of Dithmenos.
 10111 | D:8      | Found a staircase to the Lair.
 10152 | D:8      | Found a deep blue altar of Sif Muna.
 10469 | D:9      | Reached skill level 11 in Unarmed Combat
 10620 | D:9      | Noticed a troll
 10631 | D:9      | Reached XP level 10. HP: 7/42 MP: 11/11
 10637 | D:9      | Slain by an orc warrior
 10638 | D:9      | Reached XP level 9. HP: -2/85 MP: 10/10
 10638 | D:9      | You fall through a shaft!
 10638 | D:10     | Entered Level 10 of the Dungeon
 10638 | D:10     | Noticed a guardian serpent
 10760 | D:10     | Found a staircase to the Orcish Mines.
 10764 | D:10     | Noticed a guardian serpent
 10774 | D:10     | Slain by a guardian serpent
 10775 | D:10     | Reached XP level 8. HP: -1/35 MP: 9/9
 10848 | D:10     | Killed a guardian serpent
 10848 | D:10     | Reached skill level 10 in Stealth
 10974 | D:10     | Noticed a hill giant
 11074 | D:9      | Found a huge runed gate.
 11074 | D:9      | Found a huge runed gate.
 11074 | D:9      | Found a huge runed gate.
 11074 | D:9      | Found a huge runed gate.
 11074 | D:9      | Noticed a hippogriff
 11074 | D:9      | Noticed a polar bear
 11074 | D:9      | Noticed a dream sheep
 11074 | D:9      | Noticed a dream sheep
 11075 | D:9      | Noticed a hippogriff
 11075 | D:9      | Noticed a polar bear
 11075 | D:9      | Noticed a polar bear
 11075 | D:9      | Noticed a dream sheep
 11197 | D:9      | Reached skill level 12 in Unarmed Combat
 12509 | D:10     | Reached XP level 9. HP: 35/39 MP: 10/10
 12644 | D:10     | Noticed a hill giant
 13526 | D:9      | Noticed a troll
 13919 | D:9      | Killed a troll
 14194 | D:9      | Killed a hill giant
 14194 | D:9      | Reached skill level 1 in Evocations
 14481 | D:10     | Noticed tricornhat's ghost (novice DsBe)
 15337 | D:10     | Reached skill level 10 in Dodging
 15337 | D:10     | Reached XP level 10. HP: 43/43 MP: 12/12
 15385 | D:9      | Noticed a deep troll
 15385 | D:9      | a hill giant changed into a deep troll
 15390 | D:9      | Noticed a shining eye
 15390 | D:9      | a deep troll changed into a shining eye
 15393 | D:9      | Gained mutation: Your body sometimes deteriorates upon taking damage. [a shining eye]
 15397 | D:9      | Noticed an eye of devastation
 15397 | D:9      | a shining eye changed into an eye of devastation
 15401 | D:9      | Blown up by an eye of devastation

Skill      XL: |  1  2  3  4  5  6  7  8  9 |
---------------+----------------------------+-----
Stealth        | 1 2 3 4 5 10 9 | 10.6
Unarmed Combat | 5 6 7 8 12 11 | 12.8
Dodging        | 5 6 9 10 | 10.0
Fighting       | 4 |  4.2
Evocations     | 1 |  1.6

Action                   |  1- 3 |  4- 6 |  7- 9 | 10-12 || total
-------------------------+-------+-------+-------+-------++-------
Melee: Unarmed           |    91 |   220 |   585 |    10 ||   906
       Bite              |     6 |    19 |    68 |       ||    93
       Punch             |       |     6 |    31 |     1 ||    38
Evoke: Wand              |       |       |    17 |    13 ||    30
  Use: Potion            |     1 |       |    11 |       ||    12
       Scroll            |       |    11 |     4 |       ||    15
 Stab: Sleeping          |     6 |     9 |    24 |       ||    39
       Distracted        |       |       |     5 |       ||     5
  Eat: Chunk             |     2 |     5 |    33 |       ||    40
Armor: Skin              |     1 |    12 |    43 |    10 ||    66
Dodge: Dodged            |    63 |   161 |   463 |     3 ||   690
